[Event "Titled Tuesday Blitz January 10 Late 2023"]
[White "Itkis, Boris"]
[Black "Al-Tarboush, Ward"]
[WhiteFideId "1209167"]
[BlackFideId "7601450"]
[WhiteElo "2329"]
[BlackElo "2256"]
[Result "0-1"]
[Round "04"]
[TimeControl "180+2"]
[Date "2023.01.10"]
[WhiteClock "0:01:51"]
[BlackClock "0:02:45"]

1. e4 c5 2. Nf3 Nc6 3. d4 cxd4 4. Nxd4 Nf6 5. Nc3 e5 6. Ndb5 d6 7. Nd5 Nxd5 8. exd5 Nb8 9. a4 Be7 10. Be2 O-O 11. Bd2 a6 12. Na3 Nd7 13. a5 f5 14. O-O f4 15. Nc4 e4 16. Bg4 f3 17. g3 Ne5 18. Nxe5 dxe5 19. Be6+ Bxe6 20. dxe6 Qd5 21. Re1 Rad8 0-1


[Site "https://www.chess.com"]

[Event "Titled Tuesday Blitz January 10 Late 2023"]
[White "Colivet Gamboa, Julio Cesar"]
[Black "Aguilar, Juan"]
[WhiteFideId "3949583"]
[BlackFideId "3800091"]
[WhiteElo "1844"]
[BlackElo "2254"]
[Result "1-0"]
[Round "04"]
[TimeControl "180+2"]
[Date "2023.01.10"]
[WhiteClock "0:00:28"]
[BlackClock "0:00:01"]

1. c4 g6 2. Nc3 Bg7 3. g3 d6 4. Bg2 Nf6 5. e4 O-O 6. Nge2 e5 7. O-O Nc6 8. d3 Bd7 9. h3 Qc8 10. Kh2 Nd4 11. Be3 c5 12. f4 h5 13. Qd2 h4 14. g4 exf4 15. Bxf4 Ne8 16. Nd5 Nc6 17. Nec3 Be6 18. Bh6 Qd7 19. Qg5 Qd8 20. Qd2 Be5+ 21. Kh1 a6 22. a4 Nd4 23. Bxf8 Kxf8 24. Qf2 Qg5 25. Rab1 Rd8 26. b4 Rd7 27. bxc5 dxc5 28. Rb6 Bxd5 29. Nxd5 Kg7 30. a5 Nc7 31. Rxb7 Nxd5 32. Rxd7 Nf4 33. Rd5 Nde6 34. Rd7 Kh6 35. Rxf7 Qd8 36. Qd2 g5 37. Rf5 Qd4 38. Qf2 Qxd3 39. Rxe5 Qxc4 40. Rd5 Qc3 41. Qf3 1-0


[Site "https://www.chess.com"]

[Event "Titled Tuesday Blitz January 10 Late 2023"]
[White "Abdulla, Murad"]
[Black "Corredor Castellanos, Camilo"]
[WhiteFideId "2403757"]
[BlackFideId "4425871"]
[WhiteElo "2307"]
[BlackElo "1957"]
[Result "1-0"]
[Round "04"]
[TimeControl "180+2"]
[Date "2023.01.10"]
[WhiteClock "0:01:42"]
[BlackClock "0:01:04"]

1. e4 c5 2. Nf3 e6 3. g3 d5 4. Qe2 Nf6 5. e5 Nfd7 6. d3 Nc6 7. Bg2 Qc7 8. Bf4 Be7 9. h4 b6 10. O-O Bb7 11. c4 d4 12. Nbd2 O-O-O 13. a3 h6 14. h5 g5 15. hxg6 fxg6 16. g4 g5 17. Bg3 h5 18. gxh5 Rxh5 19. Ne4 Rdh8 20. Nd6+ Kb8 21. Nxb7 Kxb7 22. b4 Kc8 23. b5 Na5 24. Nd2 Bf8 25. Ne4 Bg7 26. Nd6+ Kd8 27. Nf7+ Ke7 28. Nxh8 Rxh8 29. Qg4 Bxe5 30. Qxg5+ Bf6 31. Qxf6+ Kxf6 32. Bxc7 1-0


[Site "https://www.chess.com"]

[Event "Titled Tuesday Blitz January 10 Late 2023"]
[White "Liu, Kelsey"]
[Black "Kleiman, Jake"]
[WhiteFideId "30944481"]
[BlackFideId "2020041"]
[WhiteElo "2065"]
[BlackElo "2399"]
[Result "0-1"]
[Round "04"]
[TimeControl "180+2"]
[Date "2023.01.10"]
[WhiteClock "0:02:06"]
[BlackClock "0:02:23"]

1. e4 c5 2. Nf3 e6 3. Nc3 a6 4. d4 cxd4 5. Nxd4 Qc7 6. Bd3 Nf6 7. O-O Nc6 8. Be3 Nxd4 9. Bxd4 Bc5 10. Be2 d6 11. Na4 Bxd4 12. Qxd4 e5 13. Qe3 b5 14. Nb6 Rb8 15. Nxc8 Rxc8 16. c3 O-O 17. Rad1 Rfe8 18. Rd2 Qc5 19. Qg3 Nxe4 0-1


[Site "https://www.chess.com"]

[Event "Titled Tuesday Blitz January 10 Late 2023"]
[White "Rodriguez Santiago, Jaime"]
[Black "Martynov, Pavel"]
[WhiteFideId "3100898"]
[BlackFideId "4101260"]
[WhiteElo "2026"]
[BlackElo "2414"]
[Result "0-1"]
[Round "04"]
[TimeControl "180+2"]
[Date "2023.01.10"]
[WhiteClock "0:00:18"]
[BlackClock "0:00:09"]

1. c4 e6 2. Nf3 d5 3. g3 c5 4. Bg2 Nf6 5. O-O Nc6 6. b3 Be7 7. e3 O-O 8. Bb2 a6 9. Qe2 Re8 10. Nc3 dxc4 11. bxc4 Rb8 12. a4 Qa5 13. d3 Rd8 14. Ne1 Nb4 15. f4 Bd7 16. g4 Bc6 17. e4 Qc7 18. g5 Nd7 19. Rf3 Nf8 20. Rh3 b5 21. axb5 axb5 22. cxb5 Bxb5 23. Nxb5 Rxb5 24. Rc1 Ra5 25. Bxg7 Kxg7 26. Qb2+ Kg8 27. Qxb4 cxb4 28. Rxc7 Bc5+ 29. Kf1 Rb5 30. d4 Rxd4 31. Rb3 Bd6 32. Rc8 Bxf4 33. Ke2 Rd2+ 34. Kf3 Bxg5 35. h4 Bf6 36. Ke3 Ra2 37. Nd3 Ra3 38. e5 Rxb3 39. exf6 Re5+ 40. Be4 Rh5 41. Kd4 Rxh4 42. Ne5 Rc3 43. Rb8 Rc7 44. Nc6 Rxc6 0-1


[Site "https://www.chess.com"]

[Event "Titled Tuesday Blitz January 10 Late 2023"]
[White "De Arruda, Leandro Formes"]
[Black "Kozin, Yuri"]
[WhiteFideId "22722009"]
[BlackFideId "4129920"]
[WhiteElo "1980"]
[BlackElo "2251"]
[Result "1-0"]
[Round "04"]
[TimeControl "180+2"]
[Date "2023.01.10"]
[WhiteClock "0:00:19"]
[BlackClock "0:00:55"]

1. d4 d5 2. Nf3 Nf6 3. e3 c5 4. c3 cxd4 5. exd4 Nc6 6. Be2 Qc7 7. O-O Bg4 8. Re1 e6 9. Ne5 Nxe5 10. dxe5 Bxe2 11. Qxe2 Nd7 12. Nd2 Be7 13. Nb3 O-O 14. Nd4 a5 15. f4 Nc5 16. f5 exf5 17. Nxf5 Ne6 18. Qg4 Kh8 19. Kh1 b5 20. Re3 Qc4 21. Qxc4 dxc4 22. Nxe7 Rad8 23. Re1 Rd3 24. Be3 Rfd8 25. Nc6 R8d5 26. Bd4 b4 27. Ne7 Rd7 28. Nc6 Rd2 29. Rab1 Nf4 30. Be3 Rxg2 31. Bxf4 g5 32. Kxg2 1-0


[Site "https://www.chess.com"]

[Event "Titled Tuesday Blitz January 10 Late 2023"]
[White "Jovic, Stanoje"]
[Black "Dylag, Emilia"]
[WhiteFideId "905020"]
[BlackFideId "21805172"]
[WhiteElo "2075"]
[BlackElo "2095"]
[Result "0-1"]
[Round "04"]
[TimeControl "180+2"]
[Date "2023.01.10"]
[WhiteClock "0:00:48"]
[BlackClock "0:01:24"]

1. c4 e6 2. g3 Nf6 3. Bg2 d5 4. Nf3 Bd6 5. O-O h6 6. b3 O-O 7. Bb2 c5 8. cxd5 Nxd5 9. Nc3 b6 10. Rc1 Bb7 11. Qc2 Nd7 12. Qb1 Rc8 13. Rfd1 Qe7 14. Nb5 Bb8 15. Qa1 e5 16. Bh3 f5 17. Nh4 Qg5 18. e4 Ne7 19. exf5 Nxf5 20. Nxf5 Rxf5 21. d4 Rcf8 22. Rc2 exd4 23. Bc1 Qh5 0-1


[Site "https://www.chess.com"]

[Event "Titled Tuesday Blitz January 10 Late 2023"]
[White "Martinez Reyes, Pedro Ramon"]
[Black "Skurikhin, Dmitrij"]
[WhiteFideId "3901807"]
[BlackFideId "4161297"]
[WhiteElo "2376"]
[BlackElo "2297"]
[Result "0-1"]
[Round "04"]
[TimeControl "180+2"]
[Date "2023.01.10"]
[WhiteClock "0:00:47"]
[BlackClock "0:00:09"]

1. Nc3 e5 2. Nf3 Nc6 3. d3 d5 4. g3 d4 5. Nb1 Bg4 6. Bg2 Nf6 7. c3 Bc5 8. b4 Bd6 9. b5 Ne7 10. cxd4 exd4 11. O-O O-O 12. Bb2 c5 13. bxc6 Nxc6 14. Nbd2 Re8 15. Re1 Bb4 16. h3 Bxf3 17. Bxf3 Qd7 18. Bg2 Nd5 19. Bxd5 Qxd5 20. Rf1 Bxd2 21. Qxd2 Qh5 22. Qf4 Rad8 23. e4 Qxh3 24. Rad1 Re6 25. Qh4 Qxh4 26. gxh4 Rg6+ 27. Kh2 Ne5 28. f3 Ra6 29. a3 Rb6 30. Rd2 Rb3 31. f4 Nxd3 32. Ba1 h5 33. f5 Ne5 34. Kg2 Nc4 35. Rxd4 Ne3+ 36. Kg1 Rxd4 37. Rc1 Rc4 38. Re1 Nc2 39. Rc1 Ne3 40. Re1 Rxe4 41. f6 gxf6 42. Bxf6 Rf4 43. Bg5 Rf1+ 44. Rxf1 Nxf1 45. a4 Nd2 46. Kf2 Ne4+ 47. Ke2 Nxg5 48. hxg5 Rb4 49. g6 fxg6 50. a5 Ra4 51. a6 bxa6 52. Kf3 Rg4 53. Ke3 a5 54. Kd3 Kg7 55. Kc3 0-1


[Site "https://www.chess.com"]

[Event "Titled Tuesday Blitz January 10 Late 2023"]
[White "Tyagi, Kushan"]
[Black "Belenkaya, Dina"]
[WhiteFideId "2040069"]
[BlackFideId "24142654"]
[WhiteElo "2060"]
[BlackElo "2267"]
[Result "1-0"]
[Round "04"]
[TimeControl "180+2"]
[Date "2023.01.10"]
[WhiteClock "0:00:38"]
[BlackClock "0:00:03"]

1. d4 Nf6 2. c4 g6 3. Nc3 Bg7 4. e4 d6 5. Nge2 O-O 6. f3 Nbd7 7. Be3 e5 8. d5 a5 9. g4 Qe7 10. Ng3 c6 11. Qd2 Rd8 12. h4 Nc5 13. Be2 Ne8 14. h5 f5 15. gxf5 gxf5 16. exf5 Bf6 17. O-O-O Kh8 18. h6 Nc7 19. Nce4 Nxe4 20. fxe4 cxd5 21. cxd5 Rg8 22. Nh5 Bd7 23. Rdg1 Nb5 24. Kb1 Nd4 25. Nxf6 Qxf6 26. Bh5 Ba4 27. Bg5 Bc2+ 28. Ka1 Qf8 29. f6 Bxe4 30. f7 Rxg5 31. Qxg5 Nc2+ 32. Kb1 Ne3+ 33. Ka1 Nc2+ 34. Kb1 Ne3+ 35. Kc1 Qc8+ 36. Kd2 Qc2+ 37. Kxe3 Qd3+ 38. Kf2 Qd4+ 39. Kg3 Qd3+ 40. Kh4 Qg3+ 41. Qxg3 1-0


[Site "https://www.chess.com"]

[Event "Titled Tuesday Blitz January 10 Late 2023"]
[White "Kabilov, Amin"]
[Black "Khandelwal, Ankush"]
[WhiteFideId "14700859"]
[BlackFideId "413470"]
[WhiteElo "2207"]
[BlackElo "2205"]
[Result "0-1"]
[Round "04"]
[TimeControl "180+2"]
[Date "2023.01.10"]
[WhiteClock "0:00:26"]
[BlackClock "0:02:00"]

1. e4 c5 2. Nf3 d6 3. a3 Nf6 4. Nc3 Nc6 5. b4 cxb4 6. axb4 Nxb4 7. Ba3 Nc6 8. h3 g6 9. Bc4 Bg7 10. O-O O-O 11. Re1 Ne5 12. Nxe5 dxe5 13. d3 Nh5 14. Nd5 Re8 15. Bb5 Bd7 16. Qb1 Nf4 17. Bc4 b5 18. Ba2 a5 19. Bc5 b4 20. Nb6 Ra6 21. Bc4 Rxb6 22. Qb3 Rf6 0-1


[Site "https://www.chess.com"]

[Event "Titled Tuesday Blitz January 10 Late 2023"]
[White "Sohier, Julien"]
[Black "Pein, Jonathan"]
[WhiteFideId "645346"]
[BlackFideId "417092"]
[WhiteElo "2214"]
[BlackElo "2265"]
[Result "0-1"]
[Round "04"]
[TimeControl "180+2"]
[Date "2023.01.10"]
[WhiteClock "0:01:41"]
[BlackClock "0:02:34"]

1. e4 e5 2. Nf3 d6 3. d4 exd4 4. Nxd4 Nf6 5. Nc3 g6 6. Be3 Bg7 7. f3 O-O 8. Qd2 Nc6 9. O-O-O Nxd4 10. Bxd4 Be6 11. h4 c5 12. Be3 Qa5 13. Qxd6 Nxe4 14. fxe4 Bxc3 15. bxc3 Qa3+ 16. Kd2 Rad8 17. Ke1 Rxd6 18. Rxd6 Qxc3+ 19. Bd2 Qg3+ 20. Kd1 Qxd6 0-1


[Site "https://www.chess.com"]

[Event "Titled Tuesday Blitz January 10 Late 2023"]
[White "Necromon"]
[Black "Atanasov, Radislav"]
[BlackFideId "2901471"]
[WhiteElo "2454"]
[BlackElo "2025"]
[Result "0-1"]
[Round "04"]
[TimeControl "180+2"]
[Date "2023.01.10"]
[WhiteClock "0:00:57"]
[BlackClock "0:01:12"]

1. Nf3 Nf6 2. g3 g6 3. Bg2 Bg7 4. O-O O-O 5. b3 d6 6. Bb2 e5 7. d3 Nc6 8. c4 h6 9. Nc3 Be6 10. e4 Qd7 11. Re1 Bh3 12. Bh1 Ng4 13. Nd5 f5 14. Ne3 fxe4 15. dxe4 Nd4 16. Nxd4 Nxf2 17. Qd2 exd4 18. Bxd4 Rae8 19. Bxg7 Qxg7 20. Nd5 Nxe4 21. Bxe4 Rxe4 22. Rxe4 Qxa1+ 23. Re1 Qe5 24. Nf4 Qc5+ 25. Qe3 Re8 26. Qxc5 Rxe1+ 27. Kf2 Rf1+ 28. Ke2 dxc5 29. Nxh3 Rh1 0-1


[Site "https://www.chess.com"]

[Event "Titled Tuesday Blitz January 10 Late 2023"]
[White "Bambino Filho, Antonio Carlos"]
[Black "Araujo, Everson De Moura"]
[WhiteFideId "2113163"]
[BlackFideId "22737197"]
[WhiteElo "2144"]
[BlackElo "1944"]
[Result "1-0"]
[Round "04"]
[TimeControl "180+2"]
[Date "2023.01.10"]
[WhiteClock "0:00:58"]
[BlackClock "0:00:05"]

1. d4 d5 2. c4 e6 3. Nc3 Nf6 4. cxd5 exd5 5. Bg5 c6 6. e3 Be7 7. Qc2 Nbd7 8. Bd3 O-O 9. Nge2 Re8 10. O-O Nf8 11. f3 g6 12. Rae1 a5 13. Bh4 Ne6 14. h3 b5 15. Bf2 Ba6 16. e4 dxe4 17. fxe4 b4 18. Na4 Bxd3 19. Qxd3 Ng5 20. Ng3 Qc7 21. Qe3 Ne6 22. Rc1 Qb7 23. b3 Rad8 24. e5 Nd5 25. Qf3 Bf8 26. Ne4 Kg7 27. Rcd1 Rd7 28. Bh4 Be7 29. Bf6+ Bxf6 30. exf6+ Kg8 31. Nac5 Nxc5 32. Nxc5 Qa7 33. Nxd7 Qxd7 34. Rfe1 Nc3 35. Rxe8+ Qxe8 36. Rd3 1-0


[Site "https://www.chess.com"]

[Event "Titled Tuesday Blitz January 10 Late 2023"]
[White "Suvorov, Luca"]
[Black "Stanisz, Patryk"]
[WhiteFideId "12977071"]
[BlackFideId "1123106"]
[WhiteElo "2310"]
[BlackElo "2161"]
[Result "1-0"]
[Round "04"]
[TimeControl "180+2"]
[Date "2023.01.10"]
[WhiteClock "0:00:52"]
[BlackClock "0:00:03"]

1. d4 d5 2. c4 c6 3. Nc3 Nf6 4. e3 e6 5. Nf3 Nbd7 6. Qc2 Bd6 7. Bd3 O-O 8. O-O b6 9. b3 Bb7 10. Bb2 Rc8 11. Rad1 Qe7 12. Rfe1 dxc4 13. bxc4 e5 14. c5 Bb8 15. Bf5 g6 16. Bh3 Rcd8 17. a4 bxc5 18. dxe5 Nxe5 19. Nxe5 Qxe5 20. g3 Qh5 21. Bg2 Ng4 22. h3 Ne5 23. Ne4 f5 24. Nxc5 Nf3+ 25. Bxf3 Qxf3 26. Qc3 Rf7 27. Qh8# 1-0


[Site "https://www.chess.com"]

[Event "Titled Tuesday Blitz January 10 Late 2023"]
[White "Wu, Brandon"]
[Black "Andreassen, Lars"]
[WhiteFideId "30909228"]
[BlackFideId "1504878"]
[WhiteElo "2123"]
[BlackElo "2168"]
[Result "1-0"]
[Round "04"]
[TimeControl "180+2"]
[Date "2023.01.10"]
[WhiteClock "0:01:37"]
[BlackClock "0:01:39"]

1. Nf3 d5 2. c4 c6 3. g3 Nf6 4. Bg2 e6 5. O-O Be7 6. d4 O-O 7. Nbd2 a6 8. b3 Nbd7 9. Bb2 b5 10. Ne5 Bb7 11. e4 Nxe5 12. dxe5 Nxe4 13. Nxe4 dxe4 14. Bxe4 bxc4 15. bxc4 Qb6 16. Bd4 c5 17. Rb1 Qxb1 18. Qxb1 Bxe4 19. Qxe4 cxd4 20. Qxd4 Rfc8 21. Rb1 Bc5 22. Qf4 Rab8 23. Rxb8 Rxb8 24. Qd2 h6 25. Qa5 Bd4 26. Qxa6 Rb1+ 27. Kg2 g6 28. Qa8+ Kg7 29. Qe4 Bc5 30. Qxb1 1-0


[Site "https://www.chess.com"]

[Event "Titled Tuesday Blitz January 10 Late 2023"]
[White "Ezat, Mohamed"]
[Black "Floresvillar Gonzalez, Luis Migu"]
[WhiteFideId "10600906"]
[BlackFideId "5100542"]
[WhiteElo "2402"]
[BlackElo "2043"]
[Result "1-0"]
[Round "04"]
[TimeControl "180+2"]
[Date "2023.01.10"]
[WhiteClock "0:00:16"]
[BlackClock "0:00:31"]

1. d4 Nf6 2. c4 e5 3. dxe5 Ng4 4. Bf4 g5 5. Bg3 Bg7 6. Nf3 Nc6 7. Nc3 h5 8. h4 Ngxe5 9. Nxe5 Bxe5 10. Bxe5 Nxe5 11. e3 gxh4 12. Qd4 d6 13. c5 Bg4 14. Ne4 f5 15. cxd6 fxe4 16. Qxe5+ Kf7 17. Bc4+ Kg6 18. dxc7 Qf6 19. Qxe4+ Bf5 20. Qf4 Qxb2 21. O-O Rac8 22. e4 Bg4 23. Qf7+ Kh6 24. Qf4+ Kh7 25. e5 Rhf8 26. Bd3+ Kg7 27. Qg5+ Kf7 28. Qf6+ Ke8 29. Bg6+ Kd7 30. Qd6# 1-0


[Site "https://www.chess.com"]

[Event "Titled Tuesday Blitz January 10 Late 2023"]
[White "Malka, Samuel"]
[Black "Sabar, Ethmane Daouda"]
[WhiteFideId "20643675"]
[BlackFideId "19600097"]
[WhiteElo "2165"]
[BlackElo "2040"]
[Result "1-0"]
[Round "04"]
[TimeControl "180+2"]
[Date "2023.01.10"]
[WhiteClock "0:00:10"]
[BlackClock "0:00:06"]

1. d4 d5 2. c4 e6 3. Nf3 c6 4. Qc2 f5 5. g3 Nf6 6. Bg2 Bd6 7. O-O O-O 8. Nbd2 Nbd7 9. Ne1 Qe8 10. Nd3 Qh5 11. Nf3 Ne4 12. Bf4 Ndf6 13. Bxd6 Nxd6 14. Nf4 Qh6 15. Ne5 g5 16. Nfd3 Bd7 17. b4 Be8 18. f3 f4 19. Nc5 Nf5 20. g4 Ne3 21. Qc3 Nxf1 22. Bxf1 Bf7 23. Nxb7 Ne8 24. Nxc6 Qg7 25. Ne5 h5 26. Nc5 hxg4 27. fxg4 Nf6 28. Bg2 Bg6 29. Nxe6 Qh7 30. Nxf8 Rxf8 31. cxd5 Be4 32. Rd1 Nxd5 33. Qc4 Rd8 34. Nf3 Kh8 35. Qc5 Ne3 36. Nxg5 Qg6 37. Bxe4 Qh6 38. Nf7+ 1-0


[Site "https://www.chess.com"]

[Event "Titled Tuesday Blitz January 10 Late 2023"]
[White "Herman, Daniel"]
[Black "Bulgurlu, Okan"]
[WhiteFideId "30935008"]
[BlackFideId "6352316"]
[WhiteElo "1956"]
[BlackElo "1908"]
[Result "1-0"]
[Round "04"]
[TimeControl "180+2"]
[Date "2023.01.10"]
[WhiteClock "0:00:34"]
[BlackClock "0:00:04"]

1. Nf3 d5 2. c4 c6 3. e3 Nf6 4. b3 Bf5 5. Bb2 e6 6. d3 Bb4+ 7. Nc3 dxc4 8. bxc4 Qa5 9. Qb3 Nbd7 10. a3 Be7 11. Be2 Nc5 12. Qc2 Rd8 13. e4 Nfxe4 14. dxe4 Bxe4 15. Qc1 Nb3 16. Qe3 Bxf3 17. Bxf3 Bg5 18. Qe2 Bd2+ 19. Kf1 Nxa1 20. Ne4 Nb3 21. Bxg7 Rg8 22. Nf6+ Ke7 23. Nxg8+ Rxg8 24. Qe5 Rxg7 25. Qxg7 Qf5 26. Qb2 Qd3+ 27. Be2 Qc3 28. Qxc3 Bxc3 29. g3 Nd4 30. Bd3 e5 31. Bxh7 f5 32. h4 e4 33. h5 Kf6 34. h6 Kf7 35. g4 fxg4 36. Bxe4 Ne6 37. h7 Bh8 38. Kg2 Ng5 39. Bd3 Kf6 40. Kg3 Kg7 41. Kxg4 Ne6 42. Kf5 Nc5 43. Bc2 b5 44. cxb5 cxb5 45. Ke5 Nd7+ 46. Kd6 Nf6 47. Rg1+ Kh6 48. Rg6+ Kh5 49. Rg8 1-0


[Site "https://www.chess.com"]

[Event "Titled Tuesday Blitz January 10 Late 2023"]
[White "Ongut, Tamas Gunes"]
[Black "Osmonbekov, Talaibek"]
[WhiteFideId "770280"]
[BlackFideId "2017253"]
[WhiteElo "2299"]
[BlackElo "2137"]
[Result "1-0"]
[Round "04"]
[TimeControl "180+2"]
[Date "2023.01.10"]
[WhiteClock "0:02:17"]
[BlackClock "0:00:07"]

1. d4 e6 2. c4 f5 3. g3 Nf6 4. Bg2 Be7 5. Nd2 O-O 6. Ndf3 d6 7. Nh3 a5 8. Nf4 Nc6 9. Ng5 Nxd4 10. Qxd4 e5 11. Qd1 exf4 12. Bxf4 h6 13. Nf3 g5 14. Bd2 Ne4 15. h4 g4 16. Bxh6 gxf3 17. exf3 Re8 18. fxe4 Bf6 19. Qh5 1-0


[Site "https://www.chess.com"]

[Event "Titled Tuesday Blitz January 10 Late 2023"]
[White "Clawitter, Craig"]
[Black "Besedes, Danilo"]
[WhiteFideId "2023105"]
[BlackFideId "946796"]
[WhiteElo "2050"]
[BlackElo "2297"]
[Result "1-0"]
[Round "04"]
[TimeControl "180+2"]
[Date "2023.01.10"]
[WhiteClock "0:00:15"]
[BlackClock "0:00:09"]

1. e4 d6 2. d4 Nf6 3. Nc3 e5 4. Nf3 Nbd7 5. h3 Be7 6. Be3 c6 7. a4 Qa5 8. Qd2 O-O 9. g4 b5 10. g5 Nh5 11. Bg2 b4 12. Ne2 Ba6 13. O-O Rad8 14. Rfd1 f5 15. exf5 Rxf5 16. h4 Rdf8 17. dxe5 Nxe5 18. Nxe5 Qxe5 19. Nd4 c5 20. Nxf5 Qxf5 21. Qd5+ Qxd5 22. Bxd5+ Kh8 23. Re1 Bd8 24. Rad1 Bc8 25. f3 g6 26. Kg2 Ng7 27. Be4 Nf5 28. Bxf5 Bxf5 29. Rxd6 Bxc2 30. Bxc5 Bxa4 31. Ra6 Bb5 32. Bxf8 Bxa6 33. Re8 Bb6 34. Bc5+ Kg7 35. Bxb6 axb6 36. Rb8 Bc4 37. Rxb6 b3 38. Rb4 Be6 39. Kg3 Kf7 40. Kf4 Kg7 41. Ke5 Bg8 42. Rb7+ Kh8 43. Kf6 Bc4 44. Rb8+ Bg8 45. Rf8 h5 46. gxh6 Kh7 47. Rxg8 Kxg8 48. Kxg6 1-0


[Site "https://www.chess.com"]

[Event "Titled Tuesday Blitz January 10 Late 2023"]
[White "Delaere, Jeroen"]
[Black "Gasparyan, David"]
[WhiteFideId "204129"]
[BlackFideId "13311980"]
[WhiteElo "2104"]
[BlackElo "2142"]
[Result "0-1"]
[Round "04"]
[TimeControl "180+2"]
[Date "2023.01.10"]
[WhiteClock "0:00:04"]
[BlackClock "0:00:21"]

1. d4 g6 2. c4 Bg7 3. Nc3 Nf6 4. e4 d6 5. Nf3 O-O 6. Be2 c5 7. d5 e6 8. O-O e5 9. Bg5 h6 10. Bh4 Nbd7 11. Nd2 a6 12. a3 Qe8 13. b4 Nh7 14. Nb3 b6 15. bxc5 bxc5 16. Na5 f5 17. f3 g5 18. Bf2 f4 19. Rb1 Qg6 20. Na4 h5 21. h3 Rf7 22. Nb6 Nxb6 23. Rxb6 g4 24. fxg4 hxg4 25. Bxg4 Bxg4 26. Qxg4 Qxg4 27. hxg4 Bf8 28. Rfb1 Ng5 29. Re1 f3 30. Bh4 Nh7 31. g5 Rf4 32. g6 Nf6 33. gxf3 Rxf3 34. Bxf6 Rxf6 35. Re2 Rxg6+ 36. Rg2 Rxg2+ 37. Kxg2 Kf7 38. Nc6 Bh6 39. Rb8 Rxb8 40. Nxb8 a5 41. Nc6 a4 42. Nd8+ Ke8 43. Nb7 Kd7 44. Kf3 Bc1 45. Kg4 Bd2 46. Kf5 Kc7 47. Ke6 Kxb7 0-1


[Site "https://www.chess.com"]

[Event "Titled Tuesday Blitz January 10 Late 2023"]
[White "Winkels, Marcel"]
[Black "Le Goff, Ronan"]
[WhiteFideId "1003887"]
[BlackFideId "612073"]
[WhiteElo "1960"]
[BlackElo "2320"]
[Result "0-1"]
[Round "04"]
[TimeControl "180+2"]
[Date "2023.01.10"]
[WhiteClock "0:00:35"]
[BlackClock "0:01:46"]

1. d4 Nf6 2. Bg5 e6 3. Nf3 h6 4. Bh4 b6 5. Nc3 Bb7 6. d5 Be7 7. e4 Nxe4 8. Bxe7 Qxe7 9. Nxe4 exd5 10. Be2 dxe4 11. Nd4 O-O 12. O-O Nc6 13. Nf5 Qe5 14. Ne3 Nd4 15. Bc4 d5 16. Bb3 Rad8 17. Qd2 c5 18. c3 Ne6 19. Rad1 d4 20. Nc4 Qf6 21. Rfe1 Qg6 22. g3 Ng5 23. Ne5 Qf5 24. h4 Nh3+ 25. Kh2 Nxf2 26. Nxf7 Ng4+ 27. Kh1 e3+ 0-1


[Site "https://www.chess.com"]

[Event "Titled Tuesday Blitz January 10 Late 2023"]
[White "Mitrovic, Darko R"]
[Black "Goncalves, Davi Sulzbacher"]
[WhiteFideId "927023"]
[BlackFideId "2154510"]
[WhiteElo "2220"]
[BlackElo "2282"]
[Result "0-1"]
[Round "04"]
[TimeControl "180+2"]
[Date "2023.01.10"]
[WhiteClock "0:00:01"]
[BlackClock "0:00:29"]

1. d4 Nf6 2. Nf3 e6 3. g3 c5 4. Bg2 d5 5. c3 b5 6. O-O Bb7 7. a4 a6 8. axb5 axb5 9. Rxa8 Bxa8 10. Bf4 Nbd7 11. Nbd2 Be7 12. Qb3 Qa5 13. Qc2 c4 14. b4 Qa3 15. Qc1 Qa4 16. Ne5 Nxe5 17. Bxe5 O-O 18. Bxf6 Bxf6 19. e4 Bg5 20. f4 Be7 21. e5 Bxb4 22. cxb4 Qxb4 23. Nf3 Bc6 24. g4 Ra8 25. f5 Ra2 26. f6 Qb2 27. Qxb2 Rxb2 28. Ra1 gxf6 29. exf6 h5 30. Ra6 Bb7 31. Rb6 c3 32. Rxb7 c2 33. Rc7 Rb1+ 34. Kf2 c1=Q 35. Rxc1 Rxc1 36. gxh5 b4 0-1


[Site "https://www.chess.com"]

[Event "Titled Tuesday Blitz January 10 Late 2023"]
[White "Sivakumar, Shaaketh"]
[Black "Wanger, Tamas"]
[WhiteFideId "30940176"]
[BlackFideId "740454"]
[WhiteElo "2337"]
[BlackElo "1951"]
[Result "1-0"]
[Round "04"]
[TimeControl "180+2"]
[Date "2023.01.10"]
[WhiteClock "0:01:42"]
[BlackClock "0:01:04"]

1. e4 d6 2. Nf3 g6 3. d4 Bg7 4. c4 Nf6 5. Nc3 O-O 6. Be2 c5 7. h3 cxd4 8. Nxd4 Nc6 9. Be3 Bd7 10. O-O Rc8 11. Rc1 Nxd4 12. Bxd4 Bc6 13. Nd5 Bxd5 14. exd5 Nd7 15. Bxg7 Kxg7 16. Qd4+ Kg8 17. Qxa7 Ra8 18. Qxb7 Rb8 19. Qa7 Rxb2 20. Bf3 Nc5 21. Rb1 Rc2 22. Rfc1 Rxc1+ 23. Rxc1 Qd7 24. Qxd7 Nxd7 25. a4 Ra8 26. a5 Rxa5 27. Be2 Rc5 28. f3 Nb6 29. Re1 Nxc4 30. Bxc4 Rxc4 31. Rxe7 Rd4 32. Kf2 Rxd5 33. Ke3 Kg7 34. f4 Kf6 35. Ra7 Rb5 36. Kf3 h5 37. g4 Rb3+ 38. Ke4 Rxh3 39. g5+ Ke6 40. Ra8 Ra3 41. Rxa3 1-0


[Site "https://www.chess.com"]

[Event "Titled Tuesday Blitz January 10 Late 2023"]
[White "Herbst, Richard"]
[Black "Arenas, David"]
[WhiteFideId "2041251"]
[BlackFideId "4403177"]
[WhiteElo "2120"]
[BlackElo "2426"]
[Result "0-1"]
[Round "04"]
[TimeControl "180+2"]
[Date "2023.01.10"]
[WhiteClock "0:02:06"]
[BlackClock "0:01:45"]

1. d4 Nf6 2. Bf4 e6 3. e3 c5 4. c3 cxd4 5. cxd4 Bb4+ 6. Nc3 Nd5 7. Qb3 Qa5 8. Ne2 Nxf4 9. Nxf4 O-O 10. Bd3 d5 11. O-O Nd7 12. Nce2 Nf6 13. Kh1 Bd7 14. a3 Bd6 15. Rac1 Ba4 16. Qa2 Rfc8 17. f3 Qd2 18. e4 Bxf4 0-1


[Site "https://www.chess.com"]

[Event "Titled Tuesday Blitz January 10 Late 2023"]
[White "Soyunlu, Narmin"]
[Black "Kuznecovs, Nikita"]
[WhiteFideId "13400843"]
[BlackFideId "11604557"]
[WhiteElo "2013"]
[BlackElo "2287"]
[Result "0-1"]
[Round "04"]
[TimeControl "180+2"]
[Date "2023.01.10"]
[WhiteClock "0:00:02"]
[BlackClock "0:01:21"]

1. d4 Nf6 2. c4 e6 3. g3 c5 4. Nf3 cxd4 5. Nxd4 d5 6. cxd5 Qxd5 7. Nf3 Qxd1+ 8. Kxd1 Nc6 9. Nc3 Bc5 10. Ke1 Nb4 11. Rb1 e5 12. e4 Ng4 13. Bb5+ Kf8 14. Nd1 Nxa2 15. Bd2 Be6 16. h3 Nf6 17. Nxe5 Nxe4 18. Bd7 Nxd2 19. Ra1 Nb4 20. Bxe6 Nc2+ 21. Kxd2 Nxa1 22. Nc3 Rd8+ 23. Nd7+ Ke7 24. Ke2 fxe6 25. Nxc5 Nc2 26. N3e4 Nd4+ 27. Ke3 b6 28. Nd3 Rhf8 29. Rb1 Rf3+ 30. Kd2 Nb3+ 31. Kc3 Rfxd3+ 0-1


[Site "https://www.chess.com"]

[Event "Titled Tuesday Blitz January 10 Late 2023"]
[White "Marcolino, Daniel Mattos"]
[Black "Szyszylo, Rafal"]
[WhiteFideId "2106841"]
[BlackFideId "1109626"]
[WhiteElo "2006"]
[BlackElo "2091"]
[Result "1-0"]
[Round "04"]
[TimeControl "180+2"]
[Date "2023.01.10"]
[WhiteClock "0:00:13"]
[BlackClock "0:00:06"]

1. d4 d6 2. Nf3 Nf6 3. g3 g6 4. Bg2 Bg7 5. O-O O-O 6. b3 a6 7. Bb2 c6 8. Nbd2 b5 9. e4 Bb7 10. Qe2 Nbd7 11. a4 e5 12. dxe5 Ng4 13. Rfd1 Ngxe5 14. Nxe5 dxe5 15. Ba3 Re8 16. Nf1 Bf8 17. Bb2 Qc7 18. Ne3 Nc5 19. h4 Ne6 20. h5 Bc5 21. Ng4 Nd4 22. Bxd4 Bxd4 23. Nf6+ Kh8 24. Nxe8 Rxe8 25. Rac1 b4 26. hxg6 fxg6 27. Rd3 c5 28. Rf3 Kg7 29. g4 Bc8 30. Bh3 g5 31. Kh2 Re6 32. Re1 Rh6 33. Rg1 Qc6 34. Rf5 Bxf5 35. gxf5 Kf6 36. Qg4 Bxf2 37. Qxg5+ Kf7 38. Qg7+ Ke8 39. Qg8+ Ke7 40. Rg7+ 1-0


[Site "https://www.chess.com"]